 Dungeon Crawl Stone Soup version 0.29-a0-555-g3b24f45cc1 (console) character file.

Game seed: 17868094020774445297

8281 jejorda2 the Carver (level 11, 0/87 (89) HPs)
             Began as a White Draconian Berserker on June 7, 2022.
             Was an Elder of Trog.
             Slain by a wight
             ... wielding a +5 flail
              (2 damage)
             ... on level 9 of the Dungeon.
             The game lasted 00:26:13 (8750 turns).

jejorda2 the Carver (White Draconian Berserker)     Turns: 8750, Time: 00:26:14

HP:   0/87 (89)     AC: 10    Str: 21    XL:     11   Next: 7%
MP:   11/11         EV: 14    Int:  7    God:    Trog [****..]
Gold: 482           SH:  0    Dex: 14    Spells: 10/10 levels left

rFire   . . .      SeeInvis +   a - +1 short sword (elec)
rCold   + . .      Faith    +   (no shield)
rNeg    . . .      Spirit   .   (body armour unavailable)
rPois   .          Reflect  .   (helmet restricted)
rElec   .          Harm     .   z - +0 cloak
rCorr   .          Rampage  .   (no gloves)
Will    ++...                   o - +1 pair of boots
Stlth   +.........              r - amulet of faith
HPRegen 1.24/turn               m - ring of see invisible
MPRegen 0.12/turn               (no ring)

@: lethally poisoned (0 -> -2), strong-willed, on berserk cooldown,
regenerating, lightly drained
A: breathe frost, AC +7, unfitting armour, cold resistance 1, cold-blooded
a: Breathe Frost, Renounce Religion, Berserk, Trog's Hand, Brothers in Arms


You were on level 9 of the Dungeon.
You worshipped Trog.
Trog was greatly pleased with you.
You visited 1 branch of the dungeon, and saw 9 of its levels.

You collected 536 gold pieces.
You spent 54 gold pieces at shops.

Inventory:

Hand Weapons
 a - a +1 short sword of electrocution (weapon)
 b - the +8 dagger "Tifejoem" {flame, Int+2}
   (You found it on level 7 of the Dungeon)

   It burns those it strikes, dealing additional fire damage.
   Int:       It affects your intelligence (+2).
 H - a +3 long sword of venom
 J - a +2 scimitar of freezing
 M - a +0 scimitar
Missiles
 d - 8 javelins
 e - 298 stones (quivered)
 f - 2 curare-tipped darts
 w - 3 boomerangs
 K - 13 poisoned darts
Armour
 o - a +1 pair of boots (worn)
 z - a +0 cloak (worn)
 L - a +0 buckler
Jewellery
 m - a ring of see invisible (left hand)
 q - a ring of ice
 r - an amulet of faith (around neck)
 t - a ring of ice
Wands
 k - a wand of charming (17)
 s - a wand of mindburst (4)
 y - a wand of paralysis (3)
 B - a wand of acid (11)
 C - a wand of flame (16)
Scrolls
 h - 2 scrolls of poison
 l - 6 scrolls of teleportation
 v - a scroll of blinking
 D - a scroll of fear
 I - a scroll of fog
Potions
 c - 3 potions of mutation
 i - a potion of invisibility {unknown}
 j - 2 potions of cancellation
 n - a potion of heal wounds {unknown}
 p - 3 potions of haste
 u - 3 potions of degeneration
 x - a potion of ambrosia {unknown}
 A - 2 potions of might
 E - 2 potions of curing
 F - a potion of brilliance {unknown}
 G - a potion of lignification {unknown}


   Skills:
 - Level 6.0 Fighting
 * Level 4.8(10.2) Short Blades
 - Level 13.9(14.2) Long Blades
 + Level 3.3 Throwing
 - Level 6.0 Dodging
 + Level 5.1 Evocations


You had 10 spell levels left.
You didn't know any spells.
Your spell library was empty.

Dungeon Overview and Level Annotations

Branches:
Dungeon (9/15)             Temple (0/1) D:5            Lair (0/6) D:9
    Orc: D:9-12

Altars:
Hepliaklqana
Vehumet

Shops:
D:1 [


Innate Abilities, Weirdness & Mutations

You can breathe waves of freezing cold which knock back foes.
Your icy white scales are hard. (AC +7)
You cannot fit into any form of body armour.
Your flesh is cold resistant. (rC+)
You are cold-blooded and may be slowed by cold attacks.


Message History

The water moccasin misses you.
You feel very sick. The water moccasin misses you.
You feel very sick. The water moccasin barely misses you.
You can't do that yet.
You hit the water moccasin.
The water moccasin is lightly wounded.
You feel sick. The water moccasin bites you.
* * * LOW HITPOINT WARNING * * *
The water moccasin closely misses you.
You closely miss the water moccasin.
Your tail-slap misses the water moccasin.
The water moccasin is lightly wounded.
You feel sick.
The water moccasin bites you but does no damage.
The wight closely misses you.
You hit the water moccasin.
Lightning courses through the water moccasin!
The water moccasin is severely wounded.
You feel sick. The water moccasin bites you.
* * * LOW HITPOINT WARNING * * *
The water moccasin closely misses you. The wight hits you with a +5 flail!
* * * LOW HITPOINT WARNING * * *
It was a potion of curing.
You feel better. The water moccasin closely misses you.
The water moccasin misses you.
It was a potion of experience.
You feel more experienced!
Your base Long Blades skill gained 3 levels and is now at level 13!
Training target 14.0 for Long Blades reached!
You have reached level 11!
You feel yourself speed up.
You have got your breath back.
The water moccasin bites you!
* * * LOW HITPOINT WARNING * * *
You are poisoned.
The water moccasin poisons you! The wight hits you with a +5 flail!
* * * LOW HITPOINT WARNING * * *
You feel drained.
You die...

...>......P....# #####
...............###..#.##
.....(....P.............
................##.......###
.............P..##..........
.....(.........##...........
P.....((.(..))..#...#.......
[.......).zz))..#..##.......
....P.P...S@#......###......
..../.....####)...####......
...<......#...).###..#......
................†...........
......................##....
..........#...........###..#
........####...........###).
..........##.............††.
......)...............).....


You could see a water moccasin and 2 wights.

Vanquished Creatures
  The ghost of bchevrier the Covered, a novice MiFi of Nemelex Xobeh (D:7)
  A komodo dragon (D:9)
  Eustachio (D:5)
  Edmund (D:4)
  4 water moccasins
  An ice beast (D:7)
  2 orc warriors
  3 sky beasts (D:7)
  An ogre (D:6)
  A black bear (D:9)
  2 centaurs
  3 kobold brigands
  4 bullfrogs
  A gnoll sergeant (D:9)
  2 scorpions (D:4)
  8 wights
  A howler monkey (D:4)
  Crazy Yiuf (D:5)
  4 hounds
  A jelly (D:5)
  2 orc priests
  Jessica (D:2)
  Terence (D:3)
  Natasha (thrice) (D:2)
  An iguana (D:4)
  4 orc wizards
  11 gnolls
  7 adders
  A white imp (D:6)
  2 ufetubi
  3 dart slugs
  14 orcs
  7 bats
  12 endoplasms
  6 giant cockroaches
  12 goblins
  4 hobgoblins
  9 jackals
  3 quokkas
  5 ball pythons
  4 frilled lizards
  27 kobolds
  7 rats
  A toadstool (D:7)
190 creatures vanquished.

Vanquished Creatures (others)
  47 fungi (D:9)
  63 plants
  4 toadstools (D:7)
114 creatures vanquished.

Grand Total: 304 creatures vanquished

Notes
Turn   | Place    | Note
-------+----------+-------------------------------------------
     0 | D:1      | jejorda2 the Draconian Berserker began the quest for the
                  | Orb.
     0 | D:1      | Reached XP level 1. HP: 19/19 MP: 1/1
   253 | D:1      | You fall into a shaft and drop 1 floor!
   307 | D:2      | Reached XP level 2. HP: 26/26 MP: 2/2
   707 | D:1      | Found a faded altar of an unknown god.
   865 | D:1      | Reached XP level 3. HP: 30/31 MP: 3/3
  1140 | D:1      | Found Hoacwoetu's Armour Boutique.
  1151 | D:1      | Bought a +0 pair of boots for 54 gold pieces
  1264 | D:1      | Reached ** piety under Trog
  1910 | D:2      | Found a hazy altar of Hepliaklqana.
  1927 | D:2      | Noticed Jessica
  1935 | D:2      | Killed Jessica
  1936 | D:2      | Reached skill level 4 in Long Blades
  1936 | D:2      | Reached XP level 4. HP: 31/40 MP: 4/4
  2192 | D:2      | Noticed Natasha
  2203 | D:2      | Killed Natasha
  2433 | D:2      | Noticed Natasha
  2438 | D:2      | Killed Natasha
  2448 | D:2      | Noticed Natasha
  2454 | D:2      | Killed Natasha
  2455 | D:2      | Reached XP level 5. HP: 39/46 MP: 5/5
  2829 | D:3      | Reached skill level 5 in Long Blades
  3190 | D:3      | Reached *** piety under Trog
  3356 | D:3      | Noticed Terence
  3360 | D:3      | Killed Terence
  3361 | D:3      | Reached XP level 6. HP: 53/53 MP: 6/6
  4275 | D:4      | Reached skill level 5 in Fighting
  4351 | D:4      | Reached skill level 6 in Long Blades
  4352 | D:4      | Your scales start taking on an icy white colour.
  4352 | D:4      | Reached XP level 7. HP: 61/61 MP: 7/7
  4352 | D:4      | Gained mutation: Your flesh is cold resistant. (rC+) [White
                  | Draconian growth]
  4457 | D:4      | Noticed Edmund
  4464 | D:4      | Killed Edmund
  4749 | D:5      | Entered Level 5 of the Dungeon
  4779 | D:5      | Found a runed translucent door.
  4780 | D:5      | Noticed Crazy Yiuf
  4787 | D:5      | Killed Crazy Yiuf
  5098 | D:5      | Noticed Eustachio
  5112 | D:5      | Killed Eustachio
  5113 | D:5      | Reached skill level 7 in Long Blades
  5285 | D:5      | Found a staircase to the Ecumenical Temple.
  5312 | D:5      | Reached skill level 1 in Short Blades
  5559 | D:6      | Reached skill level 5 in Dodging
  5559 | D:6      | Reached XP level 8. HP: 70/70 MP: 8/8
  5904 | D:6      | Reached skill level 1 in Evocations
  6282 | D:6      | Found a radiant altar of Vehumet.
  6601 | D:7      | Reached skill level 8 in Long Blades
  6650 | D:7      | Found a runed translucent door.
  6652 | D:7      | Noticed bchevrier's ghost (novice MiFi)
  6789 | D:7      | Reached XP level 9. HP: 68/75 MP: 9/9
  6862 | D:7      | Identified the +8 dagger "Tifejoem" {flame, Int+2}
  7069 | D:7      | Reached **** piety under Trog
  7281 | D:7      | Killed bchevrier's ghost
  7282 | D:7      | Reached skill level 9 in Long Blades
  8570 | D:9      | Noticed a komodo dragon
  8595 | D:9      | Killed a komodo dragon
  8668 | D:9      | Found a staircase to the Lair.
  8700 | D:9      | Reached skill level 5 in Evocations
  8712 | D:9      | Reached XP level 10. HP: 83/83 MP: 10/10
  8730 | D:9      | Reached skill level 10 in Long Blades
  8750 | D:9      | Reached skill level 13 in Long Blades
  8750 | D:9      | Reached XP level 11. HP: 16/89 MP: 11/11
  8750 | D:9      | HP: 2/89 [wight/+5 flail (8)]
  8750 | D:9      | Slain by a wight

Illustrated notes

Levels and vault maps discovered:
D:1:      kennysheep_arrival_seaside, layout_basic, serial_shops,
          nicolae_diamond_shop, basic_ecumenical_altar, serial_bayou_lagoon_a
D:2:      minmay_spotlight, layout_rooms, basic_altar, uniq_natasha,
          uniq_jessica
D:3:      layout_loops_cross, serial_forest, infiniplex_forest_end_3,
          infiniplex_forest_corner_2, infiniplex_forest_lined_corner,
          infiniplex_forest_clump_curved, infiniplex_forest_straight_2,
          infiniplex_forest_clump_medium, infiniplex_forest_lined_room_2,
          infiniplex_forest_end_2, st_stairs_8, kennysheep_cluttered_room,
          kennysheep_generic_room_6, uniq_terence
D:4:      layout_basic, minmay_misc_feat_rows, uniq_edmund
D:5:      layout_loops_ring, minmay_temple_entry_purple_smoke,
          minmay_liquid_box, uniq_eustachio, uniq_crazy_yiuf_cottage
D:6:      layout_rooms, general_overflow_altar
D:7:      layout_rooms, hellmonk_ghost_happy_afterlife, minmay_gold_behind_fungi
D:8:      layout_loops_cross
D:9:      layout_cave_pools, due_lair_maze_entry_diamond, serial_shops, shop

Skill      XL: |  1  2  3  4  5  6  7  8  9 10 |
---------------+-------------------------------+-----
Dodging        | 3 4 5 6 |  6.0
Long Blades    | 4 5 6 7 8 9 13 | 13.9
Fighting       | 4 5 6 |  6.0
Short Blades   | 1 3 4 |  4.8
Evocations     | 3 5 |  5.1
Throwing       | 3 |  3.3

Action                   |  1- 3 |  4- 6 |  7- 9 | 10-12 || total
-------------------------+-------+-------+-------+-------++-------
Melee: Falchion          |    79 |       |       |       ||    79
       Tailslap          |     6 |    16 |    37 |     3 ||    62
       Short sword       |    31 |    55 |    81 |    19 ||   186
       Punch             |     1 |       |     2 |       ||     3
       Long sword        |       |    93 |    33 |       ||   126
       Rapier            |       |       |    87 |       ||    87
       Scimitar          |       |       |    93 |       ||    93
Throw: Stone             |    47 |    51 |    38 |       ||   136
       Javelin           |       |       |     1 |       ||     1
Invok: Berserk           |     1 |     5 |    11 |       ||    17
       Trog's Hand       |       |       |     1 |     1 ||     2
       Brothers in Arms  |       |       |     1 |       ||     1
 Abil: Breathe Frost     |       |       |     8 |     1 ||     9
Evoke: Wand              |       |     1 |       |       ||     1
  Use: Scroll            |       |     8 |     7 |       ||    15
       Potion            |       |       |     1 |     2 ||     3
 Stab: Paralysed         |       |     2 |       |       ||     2
       Distracted        |       |       |     1 |       ||     1
Armor: Skin              |    33 |    50 |    96 |     1 ||   180
Dodge: Dodged            |    57 |   106 |   192 |    16 ||   371

Table legend: (Time is in decaauts)
 A = Elapsed time spent in this place.
 B = Non-inter-level travel time spent in this place.
 C = Inter-level travel time spent in this place.
 D = Time resting spent in this place.
 E = Time spent auto-exploring this place.
 F = Levels seen in this place.
 G = Mean time per level.
                   A        B        C        D        E       F      G
               +--------+--------+--------+--------+--------+-----+--------+
         Total |   8936 |   8531 |    405 |   1046 |   5920 |   9 |  992.9 |
       Dungeon |   8936 |   8531 |    405 |   1046 |   5920 |   9 |  992.9 |
               +--------+--------+--------+--------+--------+-----+--------+

Top non-repeatable levels by time:
     D:1: 1858 daAuts
     D:3: 1077 daAuts
     D:6: 1021 daAuts
     D:8: 997 daAuts
     D:7: 991 daAuts
     D:2: 970 daAuts
     D:4: 969 daAuts
     D:5: 784 daAuts
     D:9: 265 daAuts
